 Dungeon Crawl Stone Soup version 0.32-a0-886-g41c5271027 (webtiles) character file.

Game seed: 6506656844215865340

84 ezpacito the Chopper (level 4, -1/35 HPs)
             Began as a Coglin Chaos Knight on Apr 3, 2024.
             Was a Plaything of Xom.
             Slain by a gnoll sergeant
             ... wielding a +0 spear
              (5 damage)
             ... on level 1 of the Dungeon.
             The game lasted 00:01:27 (1244 turns).

ezpacito the Chopper (Coglin Chaos Knight)          Turns: 1244, Time: 00:01:27

Health: -1/35      AC:  6    Str: 14    XL:     4   Next: 45%
Magic:  5/5        EV: 10    Int: 11    God:    Xom [..*...]
Gold:   35         SH:  0    Dex: 14    Spells: 4/4 levels left

rFire   . . .        a - +0 hand axe (chaos) {Miranda}
rCold   . . .        e - +2 short sword (venom) {Sanghe}
rNeg    . . .        b - +3 leather armour
rPois   .            (no helmet)
rElec   .            (no cloak)
rCorr   .            (no gloves)
SInv    .            (no boots)
Will    .....        (amulet unavailable)
Stlth   +            (ring unavailable)
HPRegen 0.25/turn    (ring unavailable)
MPRegen 0.09/turn    (no gizmo)

%: no passive effects
@: about to teleport, revving
A: off-hand wielding, slow wielding, warmup strikes, no jewellery
a: Invent Gizmo, Renounce Religion


You were on level 1 of the Dungeon.
You worshipped Xom.
You were a toy of Xom.
You visited 1 branch of the dungeon, and saw 2 of its levels.

You collected 35 gold pieces.

Inventory:

Hand Weapons
 a - a +0 hand axe of chaos (weapon) {Miranda}
 e - a +2 short sword of venom (offhand) {Sanghe}
Armour
 b - a +3 leather armour (worn)
Scrolls
 d - a scroll of enchant armour
Potions
 f - a potion of lignification
 h - 4 potions of haste


   Skills:
 * Level 3.4 Fighting
 * Level 3.4(3.6) Axes
 * Level 1.0(2.2) Polearms
 * Level 2.3 Armour
 * Level 1.6 Dodging
 + Level 0.4 Stealth
 + Level 0.8 Spellcasting


You had 4 spell levels left.
You didn't know any spells.
Your spell library was empty.

Dungeon Overview and Level Annotations

Branches:
Dungeon (2/15)

Altars:
Uskayaw


Innate Abilities, Weirdness & Mutations

You can wield a second weapon in your off-hand.
It takes a long time for you to wield or remove held weapons.
Your first few attacks do less damage.
You cannot equip rings or amulets.


Message History

The gnoll sergeant hits you from afar with a +0 spear!
* * * LOW HITPOINT WARNING * * *
You climb upwards.
Your summoned allies are left behind.
There is a stone staircase leading down here.
You take 8 damage, and have 6/35 hp.
MASSIVE DAMAGE!!
You start resting.
HP restored.
Health restored: 35 You climb downwards.
The gnoll sergeant hits you with a +0 spear.
The gnoll hits you but does no damage.
There is a stone staircase leading up, spattered with blood here.
You take 3 damage, and have 32/35 hp.
Okay, then.
The gnoll sergeant barely misses you. The gnoll hits you with a +0 flail.
You climb upwards.
There is a stone staircase leading down here.
You take 4 damage, and have 28/35 hp.
You hit the gnoll sergeant with your +0 hand axe of chaos.
The gnoll sergeant is lightly wounded.
You hit the gnoll but do no damage.
The gnoll seems to speed up.
You hit the gnoll sergeant but do no damage.
The gnoll sergeant is poisoned.
The gnoll hits you with a +0 flail!
The gnoll sergeant hits you with a +0 spear!
* * * LOW HITPOINT WARNING * * *
The gnoll hits you but does no damage.
You take 20 damage, and have 8/35 hp.
MASSIVE DAMAGE!!
As you read the scroll labelled JOMOFR RUARA, it crumbles to dust.
It is a scroll of enchant armour.
Your +2 leather armour glows green for a while.
The gnoll sergeant hits you with a +0 spear.
* * * LOW HITPOINT WARNING * * *
The gnoll barely misses you.
You take 5 damage, and have 3/35 hp.
As you read the scroll labelled JOOSUSSET ZAFF, it crumbles to dust.
You feel strangely unstable.
It was a scroll of teleportation.
The gnoll closely misses you.
The gnoll sergeant hits you with a +0 spear.
You die...
Xom titters!

.####.####.......))....#.##.#
.####.###########.##+#.#.##.#
.......................#.##.#
......###########'##.###.##.#
.###..## ######......# #.##.#
.......# #...........# #.##.#
.......# ######......# #†##.#
.......########gg....# #.##.#
................@)##.# #.##.#
####..##########..##.# #....#
##.........###..##.# ######
#............).....#
#......###.###...#.#
###......# #.# #...#.#
.##......# #.# #...#.#
.#.......###.###...#.### ###
.................÷.....# #.#


You could see a gnoll sergeant (very poisoned) and a gnoll (fast).

Vanquished Creatures
  4 gnolls
  2 dart slugs
  3 ball pythons
  2 endoplasms (D:1)
  4 giant cockroaches (D:1)
  6 goblins
  4 hobgoblins (D:1)
  4 bats
  4 frilled lizards (D:1)
  2 kobolds
  5 rats
40 creatures vanquished.

Notes
Turn   | Place    | Note
-------+----------+-------------------------------------------
     0 | D:1      | ezpacito the Coglin Chaos Knight began the quest for the
                  | Orb.
     0 | D:1      | Reached XP level 1. HP: 18/18 MP: 1/1
    67 | D:1      | Reached skill level 1 in Dodging
    71 | D:1      | Reached XP level 2. HP: 24/24 MP: 2/2
   341 | D:1      | Reached XP level 3. HP: 25/29 MP: 3/3
   675 | D:1      | XOM: silly message
   882 | D:2      | Found a hide-covered altar of Uskayaw.
   966 | D:2      | HP: 1/29 [gnoll/+0 spear (9)]
   969 | D:2      | Reached XP level 4. HP: 2/35 MP: 3/5
   969 | D:2      | Noticed a gnoll sergeant
  1118 | D:1      | Reached skill level 1 in Polearms
  1121 | D:2      | XOM: butterfly on damage
  1244 | D:1      | Slain by a gnoll sergeant

Illustrated notes

Levels and vault maps discovered:
D:1:      minmay_arrival_stone_box, layout_basic
D:2:      layout_loops_ring, basic_altar, pf_guarded_unrand_woodcutter

Skill      XL: |  1  2  3  4 |
---------------+-------------+-----
Dodging        | 1 |  1.6
Armour         | 2 |  2.3
Polearms       | 1 |  1.0
Fighting       | |  3.4
Axes           | |  3.4
Stealth        | |  0.4
Spellcasting   | |  0.8

Action                     |  1- 3 |  4- 6 || total
---------------------------+-------+-------++-------
  Melee: Hand axe          |    50 |     4 ||    54
         Dagger            |    23 |       ||    23
         Short sword       |    30 |     4 ||    34
    Use: Scroll            |     1 |     2 ||     3
         Potion            |     1 |     2 ||     3
   Stab: Confused          |     1 |       ||     1
         Paralysed         |     1 |       ||     1
         Sleeping          |     1 |       ||     1
 Armour: Leather armour    |    36 |    13 ||    49
  Dodge: Dodged            |    32 |     7 ||    39

Table legend: (Time is in decaauts)
 A = Elapsed time spent in this place.
 B = Non-inter-level travel time spent in this place.
 C = Inter-level travel time spent in this place.
 D = Time resting spent in this place.
 E = Time spent auto-exploring this place.
 F = Levels seen in this place.
 G = Mean time per level.
                   A        B        C        D        E       F      G
               +--------+--------+--------+--------+--------+-----+--------+
         Total |   1249 |   1215 |     34 |    235 |    753 |   2 |  624.5 |
       Dungeon |   1249 |   1215 |     34 |    235 |    753 |   2 |  624.5 |
               +--------+--------+--------+--------+--------+-----+--------+

Top non-repeatable levels by time:
     D:1: 1121 daAuts
     D:2: 127 daAuts
